 Dungeon Crawl Stone Soup version 0.18.1-47-g9310371 (webtiles) character file.

98 Peloso the Covered (level 4, -2/40 HPs)
             Began as a Minotaur Fighter on June 18, 2016.
             Slain by Sigmund
             ... wielding a +0 scythe
              (4 damage)
             ... on level 3 of the Dungeon.
             The game lasted 00:02:35 (1483 turns).

Peloso the Covered (Minotaur Fighter)               Turns: 1483, Time: 00:02:36

Health: -2/40      AC:  7    Str: 21    XL:     4   Next: 44%
Magic:  3/3        EV:  8    Int:  5    God:
Gold:   138        SH:  9    Dex: 10    Spells: 0 memorised, 3 levels left

rFire  . . .     SeeInvis .     a - +0 long sword
rCold  . . .     Gourm    .     b - +0 scale mail
rNeg   . . .     Faith    .     c - +0 shield
rPois  .         Spirit   .     (helmet restricted)
rElec  .         Dismiss  .     (no cloak)
rCorr  .         Reflect  .     (no gloves)
SustAt .         Harm     .     (no boots)
MR     .....                    (no amulet)
Stlth  ..........               (no ring)
                                (no ring)

@: not resistant to hostile enchantments, extremely unstealthy
A: retaliatory headbutt, horns 2
a: no special abilities


You were on level 3 of the Dungeon.
You were very hungry.

You visited 1 branch of the dungeon, and saw 3 of its levels.

You collected 138 gold pieces.

Inventory:

Hand Weapons
 a - a +0 long sword (weapon)
Armour
 b - a +0 scale mail (worn)
 c - a +0 shield (worn)
Scrolls
 e - a scroll of enchant armour {unknown}
 h - 2 scrolls of random uselessness {unknown}
 i - a scroll of remove curse {unknown}
 j - a scroll of noise {unknown}
 k - a scroll of recharging {unknown}
 m - 3 scrolls of identify {unknown}
 p - a scroll of teleportation {unknown}
Potions
 d - a potion of might
 l - a potion of cure mutation {unknown}
 o - a potion of agility {unknown}
 q - 3 potions of curing {unknown}
 s - a potion of berserk rage {unknown}
Comestibles
 f - 2 bread rations
 g - 2 slices of pizza
 n - a beef jerky


   Skills:
 + Level 4.3 Fighting
 + Level 3.2 Long Blades
 + Level 4.4 Armour
 + Level 1.2 Dodging
 + Level 0.3 Stealth
 + Level 4.3 Shields


You had 3 spell levels left.
You didn't know any spells.

Dungeon Overview and Level Annotations

Branches:
Dungeon (3/15)

Altars:

Annotations:
D:3 Sigmund


Innate Abilities, Weirdness & Mutations

You reflexively headbutt those who attack you in melee.
You have a pair of horns on your head.


Message History

You hit something. You block something's attack.
You slash something! You block something's attack.
You closely miss something. You headbutt something.
You block something's attack.
An orc wizard comes into view. It is wielding a dagger.
You are feeling very hungry.
You miss something.
The orc wizard shouts!
You headbutt something. Something hits you!
* * * LOW HITPOINT WARNING * * *
You hit something. Your headbutt misses something. Something hits you.
* * * LOW HITPOINT WARNING * * *
You miss something. Something hits you but does no damage.
You closely miss something. You headbutt something!
Something hits you but does no damage.
You miss something. Something hits you.
* * * LOW HITPOINT WARNING * * *
You barely miss something. You closely miss something.
Your headbutt misses something. Something hits you.
You die...

.!#.# .#.#
...###
.@#..
⌠r#.#
##.#.#
#⌠.#.#
##.<#@#
#+...#.#
#....lo#
#o.o##.###
#.#......
# #.###.#
# #>. ###


You could see an orc and a giant gecko.

Vanquished Creatures
  4 gnolls (D:2)
  2 oozes
  A worm (D:2)
  2 giant geckos (D:2)
  An orc (D:3)
  A ball python (D:1)
  5 bats
  2 giant cockroaches (D:1)
  4 goblins
  5 hobgoblins
  7 jackals (D:2)
  A quokka (D:3)
  3 giant newts
  3 kobolds (D:1)
  3 rats
44 creatures vanquished.

Notes
Turn   | Place    | Note
--------------------------------------------------------------
     0 | D:1      | Peloso the Minotaur Fighter began the quest for the Orb.
     0 | D:1      | Reached XP level 1. HP: 19/19 MP: 0/0
    80 | D:1      | Reached XP level 2. HP: 24/27 MP: 1/1
   769 | D:2      | Reached XP level 3. HP: 22/33 MP: 2/2
  1043 | D:2      | Reached XP level 4. HP: 33/40 MP: 3/3
  1051 | D:2      | Reached skill level 1 in Dodging
  1457 | D:3      | Noticed Sigmund
  1481 | D:3      | HP: 2/40 [something (3)]
  1483 | D:3      | Slain by Sigmund

Skill      XL: |  1  2  3  4 |
---------------+-------------+-----
Fighting       | 4 |  4.3
Shields        | 4 |  4.3
Armour         | 4 |  4.4
Long Blades    | 3 |  3.2
Dodging        | 1 |  1.2
Stealth        | |  0.3

Action                   |  1- 3 |  4- 6 || total
-------------------------+-------+-------++-------
Melee: Long sword        |   100 |    33 ||   133
       Headbutt          |    10 |     8 ||    18
  Eat: Chunk             |     1 |       ||     1
Armor: Scale mail        |    51 |     2 ||    53
Dodge: Dodged            |    33 |     6 ||    39
Block: Shield            |    62 |    15 ||    77
